 Dungeon Crawl Stone Soup version 0.26.0-15-gc6cd9f700b (webtiles) character file.

Game seed: 6669883657104410261

7 EnegeticOcto the Stinger (level 2, -1/19 HPs)
             Began as a Gnoll Venom Mage on Jan 16, 2021.
             Slain by a centaur skeleton (2 damage)
             ... on level 5 of the Dungeon.
             The game lasted 00:01:41 (128 turns).

EnegeticOcto the Stinger (Gnoll Venom Mage)          Turns: 128, Time: 00:01:41

Health: -1/19      AC:  2    Str: 10    XL:     2   Next: 4%
Magic:  2/7        EV: 14    Int: 17    God:
Gold:   26         SH:  0    Dex: 15    Spells: 7/10 levels left

rFire    . . .     SeeInvis .   (no weapon)
rCold    . . .     Faith    .   (no shield)
rNeg     . . .     Spirit   .   a - +0 robe
rPois    .         Reflect  .   (no helmet)
rElec    .         Harm     .   (no cloak)
rCorr    .         Rampage  .   (no gloves)
Will     .....                  (no boots)
Stlth    +++.......             (no amulet)
HPRegen  0.06/turn              (no ring)
MPRegen  0.10/turn              (no ring)

@: no status effects
A: distributed training, fangs 1, strong nose
a: no special abilities


You were on level 5 of the Dungeon.
You visited 1 branch of the dungeon, and saw 4 of its levels.

You collected 26 gold pieces.

Inventory:

Armour
 a - a +0 robe (worn)
Scrolls
 b - 2 scrolls of amnesia {unknown}
 c - a scroll of random uselessness {unknown}
Potions
 d - a potion of flight {unknown}


   Skills:
 + Level 0.2 Fighting
 + Level 0.2 Short Blades
 + Level 0.2 Long Blades
 + Level 0.2 Axes
 + Level 0.2 Maces & Flails
 + Level 0.2 Polearms
 + Level 0.2 Staves
 + Level 0.2 Slings
 + Level 0.2 Bows
 + Level 0.2 Crossbows
 + Level 0.2 Throwing
 + Level 0.2 Armour
 + Level 4.4 Dodging
 + Level 4.0 Stealth
 + Level 0.2 Shields
 + Level 0.2 Unarmed Combat
 + Level 4.9 Spellcasting
 + Level 0.1 Conjurations
 + Level 0.1 Hexes
 + Level 0.1 Summonings
 + Level 0.1 Necromancy
 + Level 0.1 Translocations
 + Level 2.0 Transmutations
 + Level 0.1 Fire Magic
 + Level 0.1 Ice Magic
 + Level 0.1 Air Magic
 + Level 0.1 Earth Magic
 + Level 5.3 Poison Magic
 + Level 0.3 Invocations
 + Level 0.2 Evocations


You had 7 spell levels left.
You knew the following spells:

 Your Spells              Type           Power        Failure   Level
a - Sting                 Tmut/Pois      64%          3%          1
b - Poisonous Vapours     Pois/Air       26%          7%          2

Your spell library contained the following spells:

 Spells                   Type           Power        Failure   Level
 Ignite Poison            Fire/Tmut/Pois 12%          16%         3
 Olgreb's Toxic Radiance  Pois           22%          16%         4
 Mephitic Cloud           Conj/Pois/Air  10%          21%         3


Dungeon Overview and Level Annotations

Branches:
Dungeon (3/15)

Altars:

Annotations:
D:5 Blork the orc


Innate Abilities, Weirdness & Mutations

Your experience applies equally to all skills.
You have very sharp teeth.
Your uncanny sense of smell can sniff out nearby items.


Message History

You see here 25 sling bullets.
Found a leather armour.
Casting: Sting (safe; 3% risk of failure)
Confirm with . or Enter, or press ? or * to list all spells.
Aiming: Sting (safe; 3% risk of failure)
Press: ? - help, Shift-Dir - straight line, f - ball python
Aim: a ball python (29% to evade)
The sting misses the ball python.
The ball python barely misses you. The ball python closely misses you.
The ball python misses you. x2
Casting: Sting (safe; 3% risk of failure)
Confirm with . or Enter, or press ? or * to list all spells.
Aiming: Sting (safe; 3% risk of failure)
Press: ? - help, Shift-Dir - straight line, f/p - ball python
Aim: a ball python (29% to evade)
The sting hits the ball python.
The ball python is poisoned.
The ball python is moderately wounded.
The ball python closely misses you. The ball python misses you.
You kill the ball python!
You see here 25 sling bullets.
There is a stone staircase leading down here.
You climb downwards.
Found 12 gold pieces.
Found an escape hatch in the floor.
There is a stone staircase leading up here.
You now have 26 gold pieces (gained 12).
There is an escape hatch in the floor here.
Really go through this one-way escape hatch?
You slide downwards.
The hatch slams shut behind you.
You fall into a shaft and drop 2 floors!
The shaft crumbles and collapses.
Found 13 gold pieces.
Found a stone staircase leading down.
A worker ant zombie comes into view.
A centaur skeleton comes into view.
Found 8 gold pieces, a ring mail and a scroll labelled VORUILLAUF.
A sky beast comes into view.
Casting: Sting (safe; 3% risk of failure)
Confirm with . or Enter, or press ? or * to list all spells.
Aiming: Poisonous Vapours (safe; 7% risk of failure)
Press: ? - help, Dir - move target, f - sky beast
Aim: a sky beast (asleep)
You miscast Poisonous Vapours.
You are very lightly contaminated with residual magic.
Nothing appears to happen.
Casting: Poisonous Vapours (safe; 7% risk of failure)
Confirm with . or Enter, or press ? or * to list all spells.
Aiming: Poisonous Vapours (safe; 7% risk of failure)
Press: ? - help, Dir - move target, f/p - sky beast
Aim: a sky beast (asleep) Poisonous vapours surround the sky beast!
The centaur skeleton closely misses you.
The sky beast is engulfed in poison gas.
The sky beast is poisoned.
Casting: Poisonous Vapours (safe; 7% risk of failure)
Confirm with . or Enter, or press ? or * to list all spells.
Aiming: Poisonous Vapours (safe; 7% risk of failure)
Press: ? - help, Dir - move target, f/p - sky beast
Aim: a sky beast (lightly wounded, poisoned) Poisonous vapours surround the sky beast!
The centaur skeleton closely misses you.
The sky beast is engulfed in poison gas.
The sky beast looks even sicker.
You hit the centaur skeleton but do no damage.
You bite the centaur skeleton, but do no damage.
The centaur skeleton misses you.
You hit the centaur skeleton.
You bite the centaur skeleton, but do no damage.
The centaur skeleton is lightly damaged.
The centaur skeleton completely misses you.
The centaur skeleton hits you!
You hit the centaur skeleton but do no damage.
You bite the centaur skeleton, but do no damage.
The centaur skeleton is lightly damaged.
The centaur skeleton closely misses you.
You hit the centaur skeleton.
You bite the centaur skeleton, but do no damage.
The centaur skeleton is lightly damaged.
The centaur skeleton hits you. The sky beast barely misses you.
The centaur skeleton closely misses you.
The sky beast completely misses you.
Your magical contamination has completely faded away.
The sky beast hits you. The sky beast shocks you.
* * * LOW HITPOINT WARNING * * *
Found 11 gold pieces.
You see here 8 gold pieces.
A hound comes into view.
The sky beast barely misses you.
Blork the orc comes into view.
He is wielding a +1 battleaxe of venom.
The centaur skeleton closely misses you.
Unknown command.
The centaur skeleton hits you.
* * * LOW HITPOINT WARNING * * *
Casting: Poisonous Vapours (safe; 7% risk of failure)
Confirm with . or Enter, or press ? or * to list all spells.
You don't have enough magic to cast that spell.
Unknown command.
The centaur skeleton closely misses you.
The centaur skeleton barely misses you.
The sky beast looks more healthy.
The centaur skeleton closely misses you.
The centaur skeleton hits you.
You die...

#.#...........
#.####....$... #.#
#..>.....
#.####........
#######......#..#.##
.......[$...........
#.....?..##....##.#.
..######.##.#### ...
##.##@# .# #..YZ.#
#..#### #..# #.$#
∆...# .h..# ∆ .o...#
......


You could see a sky beast and a centaur skeleton.

Vanquished Creatures
  2 goblins (D:1)
  2 hobgoblins (D:1)
  2 ball pythons (D:1)
  A frilled lizard (D:1)
7 creatures vanquished.

Notes
Turn   | Place    | Note
-------+----------+-------------------------------------------
     0 | D:1      | EnegeticOcto the Gnoll Venom Mage began the quest for the
                  | Orb.
     0 | D:1      | Reached XP level 1. HP: 13/13 MP: 6/6
    45 | D:1      | Reached skill level 2 in Transmutations
    61 | D:1      | Reached XP level 2. HP: 19/19 MP: 3/7
    64 | D:1      | Learned a level 2 spell: Poisonous Vapours
   104 | D:3      | You fall into a shaft and drop 2 floors!
   104 | D:5      | Entered Level 5 of the Dungeon
   108 | D:5      | Noticed a sky beast
   121 | D:5      | Noticed Blork the orc
   128 | D:5      | Slain by a centaur skeleton

Illustrated notes

Levels and vault maps discovered:
D:1:      dpeg_arrival_rhombi, layout_basic
D:2:      minmay_razor_zed, layout_rooms, vehumet_crystals, kennysheep_nub
D:3:      layout_loops_ring, amethyst_overflow_temple_binary,
          chequers_ecumenical_altar_island
D:5:      layout_rooms, roderic_serpentine_path, uniq_blork_the_orc

Skill      XL: |  1 |
---------------+----+-----
Transmutations | 2 |  2.0
Fighting       | |  0.2
Short Blades   | |  0.2
Long Blades    | |  0.2
Axes           | |  0.2
Maces & Flails | |  0.2
Polearms       | |  0.2
Staves         | |  0.2
Slings         | |  0.2
Bows           | |  0.2
Crossbows      | |  0.2
Throwing       | |  0.2
Armour         | |  0.2
Dodging        | |  4.4
Stealth        | |  4.0
Shields        | |  0.2
Unarmed Combat | |  0.2
Spellcasting   | |  4.9
Conjurations   | |  0.1
Hexes          | |  0.1
Summonings     | |  0.1
Necromancy     | |  0.1
Translocations | |  0.1
Fire Magic     | |  0.1
Ice Magic      | |  0.1
Air Magic      | |  0.1
Earth Magic    | |  0.1
Poison Magic   | |  5.3
Invocations    | |  0.3
Evocations     | |  0.2

Action                   || total
-------------------------++-------
Melee: Unarmed           ||     6
       Bite              ||     4
 Cast: Sting             ||     8
       Poisonous Vapours ||     2
Dodge: Dodged            ||    21
